Match 32379645
Unlisted

Match 32379645
End
Construct Barracks
Riflemen Squad
Riflemen Squad
M1 Mortar Team
Grenade Package
Riflemen Squad
Infantry Support Center
Selects Advanced Infantry Battlegroup
Selects Convert to Ranger Squad
Convert to Ranger Squad
Riflemen Squad
Convert to Ranger Squad
Selects Frontline Medical Station
Advanced Logistics
Frontline Medical Station
Convert to Ranger Squad
Munitions Surplus
Convert to Ranger Squad
Construct Weapon Support Center
Improved M9 Bazooka Rockets
Riflemen Squad
Selects Ranger Weapon Training
Convert to Ranger Squad
Riflemen Squad
Convert to Ranger Squad
Survival Training
Bruistablet
Professor gibberish
SamkeSamke
BrutusHR
0
0

Comments sign in to comment!

No comments posted yet!